 Dungeon Crawl Stone Soup version 0.30-a0-737-gf23d94013f (webtiles) character file.

Game seed: 3241925630116518573

105 IdlyInterested the Trooper (level 4, -5/37 HPs)
             Began as a Demonspawn Fighter on Feb 2, 2023.
             Slain by Edmund
             ... wielding a +2 dire flail of holy wrath
              (8 damage)
             ... on level 4 of the Dungeon.
             The game lasted 00:07:49 (3268 turns).

IdlyInterested the Trooper (Demonspawn Fighter)     Turns: 3268, Time: 00:07:49

Health: -5/37      AC:  0    Str: 13 (16) XL:     4   Next: 53%
Magic:  4/4        EV: 18    Int:  8 (10) God:
Gold:   142        SH:  0    Dex: 19      Spells: 3/3 levels left

rFire   . . .      SeeInvis .    (weapon currently unavailable)
rCold   . . .      Faith    .    (shield currently unavailable)
rNeg    . . .      Spirit   .    (body armour currently unavailable)
rPois   .          Reflect  .    (helmet currently unavailable)
rElec   .          Harm     .    (cloak currently unavailable)
rCorr   .          Rampage  .    (gloves currently unavailable)
Will    .....                    (boots currently unavailable)
Stlth   ++                       (no amulet)
HPRegen 0.26/turn                (ring currently unavailable)
MPRegen 0.09/turn                (ring currently unavailable)

@: mighty, bat-form, flying, studying Armour, very quick
A: fast, flying, no casting, tiny, (hooves 1)
a: no special abilities


You were on level 4 of the Dungeon.
You were a bat.
You visited 1 branch of the dungeon, and saw 4 of its levels.

You collected 142 gold pieces.

Inventory:

Hand Weapons
 a - a +1 long sword (melded)
 o - the +4 sling of Earthquakes {freeze, Fly Stlth+}
   (You found it on level 3 of the Dungeon)

   Fly:       It grants you flight.
   Stlth:     It makes you more stealthy.
Missiles
 f - 71 stones
 l - 7 poisoned darts (quivered)
Armour
 b - a +0 scale mail
 c - a +0 buckler (melded)
 e - a +0 robe of fire resistance
 i - a +0 pair of boots (melded)
 m - a +1 leather armour of cold resistance
 p - a +0 chain mail (melded)
Jewellery
 g - a ring of magical power (melded)
Scrolls
 n - a scroll of amnesia
Potions
 h - a potion of invisibility {unknown}
 j - 3 potions of curing
 k - a potion of mutation
 q - 2 potions of brilliance {unknown}
 r - a potion of lignification {unknown}
 t - a potion of haste {unknown}


   Skills:
 - Level 4.0 Fighting
 + Level 2.7 Long Blades
 - Level 1.0 Throwing
 - Level 3.0 Armour
 + Level 0.6 Dodging
 * Level 3.0 Shields


You had 3 spell levels left.
You didn't know any spells.
Your spell library contained the following spells:

 Spells                   Type           Power      Damage    Failure   Level
 Sandblast                Erth           0%         2d4       41%         1
 Slow                     Hex            0%         N/A       41%         1
 Blink                    Tloc           0%         N/A       54%         2
 Lesser Beckoning         Tloc           0%         N/A       54%         2
 Momentum Strike          Conj/Tloc      0%         3d8       54%         2
 Passwall                 Tmut/Erth      0%         N/A       54%         2
 Call Canine Familiar     Summ           0%         N/A       78%         3
 Confusing Touch          Hex            0%         N/A       78%         3
 Portal Projectile        Hex/Tloc       0%         N/A       78%         3
 Stone Arrow              Conj/Erth      0%         3d7       78%         3
 Vampiric Draining        Necr           0%         2d6       78%         3
 Leda's Liquefaction      Hex/Erth       0%         N/A       99%         4


Dungeon Overview and Level Annotations

Branches:
Dungeon (4/15)
 Temple: D:4-7

Altars:
Yredelemnul

Annotations:
D:4 Edmund, Grinder


Innate Abilities, Weirdness & Mutations

You are a bat.
You are tiny and dextrous.
You move quickly.
You are flying.
Your equipment is almost entirely melded.
You are incapable of wielding weapons or throwing items.
You cannot cast spells.
((You have large cloven feet.))


Message History

Okay, then.
Okay, then.
You climb downwards.
Level annotation: Edmund, Grinder
There is a stone staircase leading up here.
You feel very mighty all of a sudden.
Grinder says, "DUCK!"
Edmund hits you with a +2 dire flail of holy wrath.
You convulse.
You slash Edmund!
Edmund is lightly wounded.
Grinder blinks!
Edmund barely misses you.
You slash Edmund!
Edmund is heavily wounded.
You block the adder's attack. You block Edmund's attack.
The adder bites you but does no damage.
You closely miss Edmund.
Edmund is heavily wounded.
Grinder blinks!
Edmund zaps a wand.
You turn into a bat.
Your +1 long sword melds into your body.
Your +0 pair of boots melds into your body.
Your +0 buckler melds into your body.
Your +0 chain mail melds into your body.
Your ring of magical power melds into your body.
You feel your magic capacity decrease. The adder closely misses you.
Edmund hits you with a +2 dire flail of holy wrath!
You convulse!
Grinder blinks!
The adder completely misses you.
You barely miss Edmund.
Edmund is heavily wounded.
Grinder gestures at you. Pain shoots through your body!
The adder closely misses you. Edmund completely misses you.
You hit Edmund.
Edmund is heavily wounded.
The adder bites you.
* * * LOW HITPOINT WARNING * * *
Edmund hits you with a +2 dire flail of holy wrath!
* * * LOW HITPOINT WARNING * * *
You convulse!
You die...

..# #. #. ## #..
.. ## ## #..# ##
####. #..#
#....######
#..###
##.....##.....#
##..............
#..<............
#......@b.....§.
#......S........
#.......5.......
#...............
#...............
##.........$....
##.....##....§#
####### ######


You could see Edmund, Grinder and an adder.

Vanquished Creatures
  5 adders
  A dart slug (D:3)
  4 ball pythons
  5 endoplasms
  4 giant cockroaches
  6 hobgoblins
  3 jackals (D:1)
  5 quokkas
  2 bats
  3 frilled lizards
  3 goblins
  3 kobolds
  12 rats
56 creatures vanquished.

Vanquished Creatures (others)
  3 plants (D:1)
3 creatures vanquished.

Grand Total: 59 creatures vanquished

Notes
Turn   | Place    | Note
-------+----------+-------------------------------------------
     0 | D:1      | IdlyInterested the Demonspawn Fighter began the quest for
                  | the Orb.
     0 | D:1      | Reached XP level 1. HP: 18/18 MP: 1/1
    47 | D:1      | Found a faded altar of an unknown god.
   381 | D:1      | Gained mutation: You have large cloven feet. [demonic
                  | ancestry]
   381 | D:1      | Reached XP level 2. HP: 23/24 MP: 2/2
  1505 | D:2      | Reached XP level 3. HP: 29/30 MP: 3/3
  2122 | D:3      | Reached skill level 4 in Fighting
  2122 | D:3      | Reached skill level 1 in Throwing
  2122 | D:3      | Reached XP level 4. HP: 30/37 MP: 4/4
  2285 | D:3      | Identified the +4 sling of Earthquakes {freeze, Fly Stlth+}
  2559 | D:3      | Found a basalt altar of Yredelemnul.
  3068 | D:4      | Identified a scroll of acquirement
  3068 | D:4      | Acquired a manual of Armour
  3204 | D:4      | Noticed Grinder
  3204 | D:4      | Noticed Edmund
  3268 | D:4      | Slain by Edmund

Illustrated notes

Levels and vault maps discovered:
D:1:      dpeg_arrival_radiant, layout_loops_cross, serial_bayou,
          serial_bayou_pond_a, serial_bayou_pond_d, serial_bayou_ford_a,
          serial_bayou_lake_a, nicolae_ecumenical_lake_church,
          roderic_roman_lattice
D:2:      layout_rooms, minmay_rat_gold_closets
D:3:      layout_loops_ring, mainiacjoe_overflow_six_doors_small,
          chequers_jeans, minmay_unequal
D:4:      layout_rooms, uniq_grinder, uniq_edmund

Skill      XL: |  1  2  3  4 |
---------------+-------------+-----
Long Blades    | 2 |  2.7
Armour         | 3 |  3.0
Fighting       | 4 |  4.0
Throwing       | 1 |  1.0
Shields        | 3 |  3.0
Dodging        | |  0.6

Action                     |  1- 3 |  4- 6 || total
---------------------------+-------+-------++-------
  Melee: Long sword        |   125 |    56 ||   181
         Kick              |     7 |       ||     7
         Unarmed           |       |     2 ||     2
  Throw: Stone             |     1 |       ||     1
    Use: Potion            |     2 |     1 ||     3
         Scroll            |       |     6 ||     6
   Stab: Sleeping          |     3 |       ||     3
 Armour: Robe              |    35 |     6 ||    41
         Chain mail        |       |     5 ||     5
  Dodge: Dodged            |    45 |    34 ||    79
  Block: Buckler           |    28 |    11 ||    39

Table legend: (Time is in decaauts)
 A = Elapsed time spent in this place.
 B = Non-inter-level travel time spent in this place.
 C = Inter-level travel time spent in this place.
 D = Time resting spent in this place.
 E = Time spent auto-exploring this place.
 F = Levels seen in this place.
 G = Mean time per level.
                   A        B        C        D        E       F      G
               +--------+--------+--------+--------+--------+-----+--------+
         Total |   3425 |   2954 |    471 |    488 |   1682 |   4 |  856.2 |
       Dungeon |   3425 |   2954 |    471 |    488 |   1682 |   4 |  856.2 |
               +--------+--------+--------+--------+--------+-----+--------+

Top non-repeatable levels by time:
     D:1: 1557 daAuts
     D:3: 914 daAuts
     D:2: 815 daAuts
     D:4: 137 daAuts
